 Dungeon Crawl Stone Soup version 0.19.1-1-g22dce08 (webtiles) character file.

3541 dngmouse the Basher (level 10, -1/90 HPs)
             Began as a Gargoyle Fighter on Jan 2, 2017.
             Was a Believer of Makhleb.
             Killed by divine providence
             ... invoked by an orc priest
              (15 damage)
             ... on level 7 of the Dungeon.
             The game lasted 00:17:10 (6807 turns).

dngmouse the Basher (Gargoyle Fighter)              Turns: 6807, Time: 00:17:11

Health: -1/90      AC: 25    Str: 23    XL:     10   Next: 8%
Magic:  12/12      EV:  2    Int:  9    God:    Makhleb [**....]
Gold:   405        SH: 11    Dex:  9    Spells: 0 memorised, 9 levels left

rFire  + . .     SeeInvis .     a - +0 flail
rCold  . . .     Gourm    +     (armour currently unavailable)
rNeg   + + +     Faith    .     c - +0 shield
rPois  ∞         Spirit   .     (helmet currently unavailable)
rElec  .         Reflect  .     (cloak currently unavailable)
rCorr  +         Harm     .     (gloves currently unavailable)
MR     .....     NoTele   +     (boots currently unavailable)
Stlth  +.........               v - amulet of the gourmand
                                y - ring of protection from fire
                                t - ring of resist corrosion

@: tree-form
A: (camouflage 0), negative energy resistance 1, (electricity resistance),
(unbreathing), petrification resistance, rot immunity, AC +7
a: Minor Destruction, Renounce Religion


You were on level 7 of the Dungeon.
You worshipped Makhleb.
Makhleb was pleased with you.
You were not hungry.
You were a tree.
You visited 1 branch of the dungeon, and saw 7 of its levels.

You collected 405 gold pieces.

Inventory:

Hand Weapons
 a - a +0 flail (weapon)
 d - a +0 dire flail
Missiles
 x - 4 tomahawks (quivered)
Armour
 c - a +0 shield (worn)
 s - a +0 helmet (melded)
 A - a +0 plate armour (melded)
Jewellery
 b - an uncursed ring of flight {unknown}
 t - a ring of resist corrosion (left branch)
 v - an amulet of the gourmand (around neck)
 y - a ring of protection from fire (right branch)
 C - an uncursed ring of protection from magic {unknown}
 F - an uncursed ring of flight {unknown}
Wands
 q - a wand of teleportation (5/9)
Scrolls
 e - 4 scrolls of identify
 g - 2 scrolls of immolation {unknown}
 i - a scroll of fear
 l - a scroll of amnesia {unknown}
 m - a scroll of random uselessness {unknown}
 n - a scroll of enchant armour {unknown}
 p - a scroll of magic mapping {unknown}
 u - a scroll of fog {unknown}
 z - 3 scrolls of remove curse {unknown}
 B - a scroll of noise {unknown}
 D - a scroll of vulnerability {unknown}
Potions
 r - a potion of brilliance
Books
 w - a book of Misfortune

   Spells                             Type                      Level
   a - Confusing Touch                Hexes                        1
   b - Confuse                        Hexes                        3
   c - Gell's Gravitas                Hexes/Translocation          3
   d - Petrify                        Transmutation/Earth          4
   e - Metabolic Englaciation         Hexes/Ice                    5
   f - Yara's Violent Unravelling     Hexes/Transmutation          5
Comestibles
 f - 2 bread rations
 h - a beef jerky
 j - 2 slices of pizza
 k - 2 fruits
 o - a meat ration


   Skills:
 + Level 6.1 Fighting
 + Level 8.7 Maces & Flails
 + Level 0.5 Throwing
 + Level 7.2 Armour
 - Level 1.6 Dodging
 + Level 1.0 Stealth
 + Level 8.3 Shields
 * Level 3.9 Invocations


You had 9 spell levels left.
You didn't know any spells.

Dungeon Overview and Level Annotations

Branches:
Dungeon (7/15)             Temple (0/1) D:5

Altars:
Ashenzari
Elyvilon
Fedhas
Makhleb
Nemelex Xobeh
Okawaru
Sif Muna
Xom
Zin

Shops:
D:5 (


Innate Abilities, Weirdness & Mutations

You are resistant to torment.
((Your stone body is resilient. (AC +7)))
You are immune to poison.
You resist negative energy. (rN+)
((You are resistant to electric shocks. (rElec)))
((You can survive without breathing.))
You are immune to petrification.
You are immune to rotting.
((Your skin changes colour to match your surroundings (Stealth+).))


Message History

The orc priest invokes the aid of Beogh against you.
Beogh smites you!
* * * LOW HITPOINT WARNING * * *
The orc priest mumbles some strange prayers to Beogh against you.
Pain shoots through your body!
* * * LOW HITPOINT WARNING * * *
You turn into a tree.
Your +0 helmet melds into your body.
Your +0 plate armour melds into your body.
Your roots penetrate the ground.
You are too injured to fight recklessly!
You are too injured to fight recklessly!
You closely miss the orc priest.
The orc priest hits you but does no damage.
An orc priest comes into view.
You sock the orc priest!
The orc priest is almost dead.
The orc priest moves out of view.
The orc priest calls down the wrath of Beogh upon you.
Beogh smites you!
You die...

#### .o# #o# ########♣# #
#........# # #.#####..# #
#...### # ###.....# #
#...###.######### #
#.##.#####.#.......######
#....>..............#....
#####....................


You could see 2 orc priests.

Vanquished Creatures
  Pikel (D:6)
  Sigmund (D:4)
  A hungry ghost (D:7)
  A slave (D:6)
  2 ice beasts
  2 orc warriors
  4 phantoms
  3 sky beasts
  The ghost of Gorglomux the Shooter, an amateur CeHu (D:3)
  An ogre (D:7)
  3 centaurs
  Blork the orc (D:4)
  A bullfrog (D:7)
  A gnoll sergeant (D:5)
  2 scorpions
  A howler monkey (D:4)
  4 crimson imps
  A centaur zombie (D:6)
  6 hounds
  2 orc priests
  A jelly (D:5)
  4 orc wizards
  A bullfrog skeleton (D:7)
  3 iguanas
  4 worker ants
  A hound zombie (D:6)
  2 worker ant zombies
  8 gnolls (D:5)
  10 adders
  An adder skeleton (D:5)
  A dart slug (D:2)
  6 leopard geckos
  14 orcs
  2 ball pythons (D:2)
  7 giant cockroaches
  5 goblins
  3 hobgoblins
  6 kobolds
  3 quokkas
  10 bats
  2 frilled lizards
  A jackal skeleton (D:4)
  A quokka skeleton (D:5)
  2 rats
137 creatures vanquished.

Vanquished Creatures (others)
  A bullfrog (D:6)
  A hound (D:6)
  3 fungi (D:6)
5 creatures vanquished.

Grand Total: 142 creatures vanquished

Notes
Turn   | Place    | Note
-------+----------+-------------------------------------------
     0 | D:1      | dngmouse the Gargoyle Fighter began the quest for the Orb.
     0 | D:1      | Reached XP level 1. HP: 14/14 MP: 1/1
   219 | D:1      | Reached XP level 2. HP: 19/19 MP: 2/2
   745 | D:2      | Reached XP level 3. HP: 9/23 MP: 3/3
  1402 | D:2      | Found a shimmering altar of Xom.
  1748 | D:3      | Reached XP level 4. HP: 17/28 MP: 4/4
  1803 | D:3      | Found a burning altar of Makhleb.
  1822 | D:3      | Became a worshipper of Makhleb the Destroyer
  1984 | D:3      | Noticed Gorglomux's ghost (amateur CeHu)
  2001 | D:3      | Killed Gorglomux's ghost
  2001 | D:3      | Reached skill level 1 in Dodging
  2001 | D:3      | Reached XP level 5. HP: 20/32 MP: 5/5
  2226 | D:3      | Found a deep blue altar of Sif Muna.
  2352 | D:4      | Noticed a phantom
  2396 | D:4      | Killed a phantom
  2396 | D:4      | Reached skill level 1 in Invocations
  2396 | D:4      | Reached XP level 6. HP: 25/38 MP: 6/6
  2414 | D:4      | Noticed Blork the orc
  2426 | D:4      | Killed Blork the orc
  2458 | D:4      | Found a shattered altar of Ashenzari.
  2546 | D:4      | Noticed Sigmund
  2584 | D:4      | Killed Sigmund
  2584 | D:4      | Reached XP level 7. HP: 7/42 MP: 8/8
  2854 | D:4      | Reached skill level 5 in Maces & Flails
  3030 | D:4      | Found a white marble altar of Elyvilon.
  3357 | D:4      | Reached skill level 5 in Shields
  3572 | D:4      | Reached skill level 5 in Armour
  3744 | D:4      | Reached XP level 8. HP: 33/48 MP: 9/9
  3792 | D:4      | Found a glowing silver altar of Zin.
  3792 | D:4      | Noticed an angel
  3865 | D:5      | Entered Level 5 of the Dungeon
  3886 | D:5      | Found a staircase to the Ecumenical Temple.
  3991 | D:5      | Gained mutation: Your skin changes colour to match your surroundings (Stealth+). [potion of beneficial mutation]
  4003 | D:5      | Reached * piety under Makhleb
  4821 | D:5      | HP: 1/48 [ice beast (10)]
  4910 | D:5      | Reached skill level 5 in Fighting
  5088 | D:5      | Found Lurof's Weapon Shoppe.
  5442 | D:6      | Reached XP level 9. HP: 54/54 MP: 10/10
  5765 | D:6      | Found a sparkling altar of Nemelex Xobeh.
  5811 | D:6      | Found a blossoming altar of Fedhas.
  5992 | D:6      | Reached ** piety under Makhleb
  6121 | D:6      | Noticed Pikel
  6144 | D:6      | Killed Pikel
  6332 | D:6      | Reached skill level 1 in Stealth
  6468 | D:7      | Found an iron altar of Okawaru.
  6521 | D:7      | Paralysed by fainting for 11 turns
  6549 | D:7      | Paralysed by fainting for 12 turns
  6620 | D:7      | Reached XP level 10. HP: 41/60 MP: 12/12
  6807 | D:7      | Killed from afar by an orc priest

Skill      XL: |  1  2  3  4  5  6  7  8  9 10 |
---------------+-------------------------------+-----
Armour         | 4 5 7 |  7.2
Shields        | 4 5 6 8 |  8.3
Maces & Flails | 3 4 5 7 8 |  8.7
Dodging        | 1 |  1.6
Invocations    | 1 2 3 |  3.9
Fighting       | 4 5 6 |  6.1
Stealth        | 1 |  1.0
Throwing       | |  0.5

Action                   |  1- 3 |  4- 6 |  7- 9 | 10-12 || total
-------------------------+-------+-------+-------+-------++-------
Melee: Flail             |   152 |   146 |   661 |    53 ||  1012
Throw: Tomahawk          |       |     6 |       |       ||     6
Invok: Minor Destruction |       |       |    10 |       ||    10
  Use: Potion            |       |     2 |    10 |     1 ||    13
       Scroll            |       |       |     1 |       ||     1
 Stab: Distracted        |       |       |     1 |       ||     1
  Eat: Chunk             |     3 |     3 |     9 |     5 ||    20
       Bread ration      |       |       |     2 |       ||     2
       Beef jerky        |       |       |     2 |       ||     2
Armor: Scale mail        |   112 |    75 |    86 |       ||   273
       Plate armour      |       |       |   381 |    26 ||   407
       Skin              |       |       |    46 |     1 ||    47
Dodge: Dodged            |    76 |    39 |   181 |     5 ||   301
Block: Shield            |   109 |    58 |   398 |    22 ||   587
